 Dungeon Sprint DCSS version 0.31-a0-868-g674d60d6f7 (webtiles) character file.

Game seed: 11199050316539274948

33 wvc the Digger (level 3, -7/19 HPs)
             Began as a Gargoyle Earth Elementalist on Oct 11, 2023.
             Mangled by an ogre
             ... wielding a +0 giant club
              (21 damage)
             ... in the Dungeon (Sprint IX: "|||||||||||||||||||||||||||||").
             The game lasted 00:00:48 (96 turns).

wvc the Digger (Gargoyle Earth Elementalist)          Turns: 96, Time: 00:00:49

Health: -7/19      AC:  5    Str: 11    XL:     3   Next: 29%
Magic:  1/8        EV: 11    Int: 17    God:
Gold:   0          SH:  0    Dex: 10    Spells: 8/9 levels left

rFire   . . .        (no weapon)
rCold   . . .        (no shield)
rNeg    + . .        a - +0 robe
rPois   ∞            (no helmet)
rElec   +            (no cloak)
rCorr   .            (no gloves)
SInv    .            (no boots)
Will    .....        (no amulet)
Stlth   ++           (no ring)
HPRegen 0.23/turn    (no ring)
MPRegen 0.11/turn

%: no teleportation
@: no status effects
A: sickness immunity, AC +3, negative energy resistance 1, electricity
resistance, torment resistance 1, petrification resistance
a: no special abilities


You were in the Dungeon.
You visited 1 branch

Inventory:

Armour
 a - a +0 robe (worn)
Scrolls
 g - a scroll of blinking
Potions
 b - 3 potions of magic
 c - a potion of curing
 d - a potion of heal wounds
 e - a potion of haste
 f - a potion of berserk rage


   Skills:
 - Level 1.5 Dodging
 - Level 2.1 Stealth
 + Level 3.6 Spellcasting
 - Level 0.7 Transmutations
 + Level 7.2 Earth Magic


You had 8 spell levels left.
You knew the following spells:

 Your Spells              Type           Power      Damage    Failure   Level
a - Sandblast             Erth           54%        2d13      1%          1

Your spell library contained the following spells:

 Spells                   Type           Power      Damage    Failure   Level
 Passwall                 Tmut/Erth      13%        N/A       4%          2
 Stone Arrow              Conj/Erth      30%        3d8       11%         3
 Petrify                  Tmut/Erth      16%        N/A       32%         4
 Brom's Barrelling Bould  Conj/Erth      15%        2d4       36%         4


Dungeon Overview and Level Annotations

Branches:
Dungeon (1/1)

Altars:


Innate Abilities, Weirdness & Mutations

You are immune to sickness and miasma.
Your stone body is resilient. (AC +3)
You are immune to poison.
You resist negative energy. (rN+)
You are resistant to electric shocks. (rElec)
You are resistant to unholy torment.
You are immune to petrification.


Message History

The orc wizard hits you with a +0 dagger.
Casting: Sandblast (safe; 2% risk of failure)
Confirm with . or Enter, or press ? or * to list all spells.
Aiming: Sandblast (safe; 2% risk of failure)
Press: ? - help, Shift-Dir - straight line, f/p - orc wizard
Aim: an orc wizard, wielding a +0 dagger and wearing a +0 robe (severely wounded, 77% to hit)
The blast of sand hits the orc wizard but does no damage.
The orc wizard is severely wounded.
The jelly quivers.
The orc wizard gestures wildly while chanting.
The orc wizard flickers and vanishes!
Deactivating autopickup; reactivate with Ctrl-A.
Casting: Sandblast (safe; 2% risk of failure)
Confirm with . or Enter, or press ? or * to list all spells.
Aiming: Sandblast (safe; 2% risk of failure)
Press: ? - help, Shift-Dir - straight line, f - ogre
Aim: an ogre, wielding a +0 giant club (91% to hit)
The blast of sand hits the ogre!
The ogre is moderately wounded.
Something hits you but does no damage. Something hits you.
Unknown command.
Casting: Sandblast (safe; 2% risk of failure)
Confirm with . or Enter, or press ? or * to list all spells.
Aiming: Sandblast (safe; 2% risk of failure)
Press: ? - help, Shift-Dir - straight line, f/p - ogre
Aim: an ogre, wielding a +0 giant club (moderately wounded, 91% to hit)
The blast of sand hits something.
Reactivating autopickup.
You feel a bit more experienced.
Your Spellcasting skill increases to level 3!
Your Earth Magic skill gained 2 levels and is now at level 7!
You have reached level 3!
Your experience leads to an increase in your attributes!
Increase (S)trength, (I)ntelligence, or (D)exterity?
Uppercase letters only, please.
You feel clever. x2
The ogre attacks as it pursues you!
The ogre hits you with a +0 giant club!!
Ouch! That really hurt!
You die...

▓▓▓
▓<▓
▓†▓
▓.▓
▓.▓
▓'▓
▓@▓
▓O▓
▓.▓
▓s▓
▓.▓
▓f▓
▓J▓
▓.▓
▓.▓


You could see an ogre, a sleepcap, a scorpion and a jelly.

Vanquished Creatures
  An orc wizard (D)
  A dart slug (D)
  2 ball pythons (D)
  2 hobgoblins (D)
6 creatures vanquished.

Notes
Turn   | Place    | Note
-------+----------+-------------------------------------------
     0 | D        | wvc the Gargoyle Earth Elementalist began the quest for the
                  | Orb.
     0 | D        | Reached XP level 1. HP: 10/10 MP: 3/3
     5 | D        | Reached skill level 4 in Earth Magic
    16 | D        | Reached skill level 5 in Earth Magic
    27 | D        | Reached XP level 2. HP: 4/15 MP: 0/5
    88 | D        | Noticed an ogre
    88 | D        | Noticed a scorpion
    93 | D        | Reached skill level 7 in Earth Magic
    93 | D        | Reached XP level 3. HP: 13/19 MP: 1/8
    96 | D        | Mangled by an ogre

Illustrated notes

Levels and vault maps discovered:
D:        linesprint [early_d, line_temple, items_1, d_10, items_2, lair_1,
          lair_end, items_3, orc_1, orc_end, items_4, d_15, swamp_1, shoals_1,
          snake_1, spider_1, d_20, vaults_1, items_5, swamp_end, shoals_end,
          snake_end, spider_end, vaults_end, d_27, items_6, zot_1, zot_end,
          crypt_end, forest_end, elf_end, slime_end, tomb_end, abyss_end,
          pan_hell_end]

Skill      XL: |  1  2 |
---------------+-------+-----
Earth Magic    | 5 7 |  7.2
Spellcasting   | 3 |  3.6
Dodging        | |  1.5
Stealth        | |  2.1
Transmutations | |  0.7

Action                     || total
---------------------------++-------
  Melee: Unarmed           ||     2
   Cast: Sandblast         ||     9
 Armour: Robe              ||    11
  Dodge: Dodged            ||     4

Table legend: (Time is in decaauts)
 A = Elapsed time spent in this place.
 B = Non-inter-level travel time spent in this place.
 C = Inter-level travel time spent in this place.
 D = Time resting spent in this place.
 E = Time spent auto-exploring this place.
 F = Levels seen in this place.
 G = Mean time per level.
                   A        B        C        D        E       F      G
               +--------+--------+--------+--------+--------+-----+--------+
         Total |    100 |    100 |      0 |     47 |     12 |   1 |  100.0 |
       Dungeon |    100 |    100 |      0 |     47 |     12 |   1 |  100.0 |
               +--------+--------+--------+--------+--------+-----+--------+

Top non-repeatable levels by time:
       D: 100 daAuts
